 Dungeon Crawl Stone Soup version 0.18.1-2-ga659475 (webtiles) character file.

181 Gingerlord the Shield-Bearer (level 5, -6/33 HPs)
             Began as a Gargoyle Fighter on May 8, 2016.
             Killed from afar by an orc wizard (8 damage)
             ... with a puff of frost
             ... on level 3 of the Dungeon.
             The game lasted 00:02:29 (1704 turns).

Gingerlord the Shield-Bearer (Gargoyle Fighter)     Turns: 1704, Time: 00:02:30

Health: -6/33      AC: 16    Str: 24    XL:     5   Next: 61%
Magic:  5/5        EV:  6    Int:  9    God:
Gold:   94         SH: 10    Dex: 10    Spells: 0 memorised, 4 levels left

rFire  . . .     SeeInvis .     a - +0 long sword
rCold  . . .     Gourm    .     p - +0 chain mail (curse)
rNeg   + . .     Faith    .     c - +0 shield
rPois  ∞         Spirit   .     (no helmet)
rElec  +         Dismiss  .     (no cloak)
rCorr  .         Reflect  .     (no gloves)
SustAt .         Harm     .     k - +2 pair of boots
MR     .....                    (no amulet)
Stlth  ..........               (no ring)
                                (no ring)

@: mighty, not resistant to hostile enchantments, extremely unstealthy
A: negative energy resistance 1, electricity resistance, unbreathing,
petrification resistance, rot immunity, AC +4
a: no special abilities


You were on level 3 of the Dungeon.
You were very hungry.

You visited 1 branch of the dungeon, and saw 3 of its levels.

You collected 94 gold pieces.

Inventory:

Hand Weapons
 a - a +0 long sword (weapon)
Armour
 c - a +0 shield (worn)
 k - a +2 pair of boots (worn)
 p - a cursed +0 chain mail (worn)
Scrolls
 e - a scroll of noise {unknown}
 g - a scroll of remove curse {unknown}
 h - a scroll of immolation {unknown}
 l - a scroll of identify {unknown}
Potions
 i - a potion of lignification {unknown}
 m - a potion of heal wounds {unknown}
 o - 2 potions of berserk rage {unknown}
Comestibles
 f - 2 bread rations
 j - a royal jelly


   Skills:
 + Level 4.2 Fighting
 + Level 2.5 Long Blades
 + Level 4.2 Armour
 + Level 1.3 Dodging
 + Level 4.3 Shields


You had 4 spell levels left.
You didn't know any spells.

Dungeon Overview and Level Annotations

Branches:
Dungeon (3/15)

Altars:


Innate Abilities, Weirdness & Mutations

You are resistant to torment.
Your stone body is resilient (AC +4).
You are immune to poison.
You resist negative energy.
You are resistant to electric shocks.
You can survive without breathing.
You are immune to petrification.
You are immune to rotting.


Message History

Unknown command.
You closely miss the orc wizard.
The orc wizard is almost dead.
The orc wizard hits you but does no damage.
The orc barely misses you. The orc hits you but does no damage.
Unknown command.
Things that are here:
a dagger; a robe; an orc corpse You hit the orc.
The orc is almost dead.
The orc hits you but does no damage.
You slash the orc!
You kill the orc!
The orc wizard casts a spell.
The orc wizard flickers and vanishes!
Deactivating autopickup; reactivate with Ctrl-A.
You hear some strange, mumbled words.
A puff of frost appears from out of thin air!
The puff of frost hits you!
You die...

.. #.# ##.
#.######## ...
#........# ..
###........# #.
#..........#
#.##.##.......##
#....##.........
#..#####o#+#+###
#..#..@){..#
#..#.###.#...#
#..# ..#.###
#####..####### #
..........<...#
#############.#
#.# #.# #.#


You could see an orc.

Vanquished Creatures
  An orc wizard (D:3)
  Ijyb (D:2)
  7 adders (D:2)
  2 worms (D:2)
  2 dart slugs
  4 giant geckos
  An orc (D:3)
  2 ball pythons (D:1)
  3 bats
  4 goblins
  7 hobgoblins
  8 jackals (D:2)
  A kobold (D:2)
  A quokka (D:2)
  4 giant newts
  6 rats
  A plant (D:1)
55 creatures vanquished.

Notes
Turn   | Place    | Note
--------------------------------------------------------------
     0 | D:1      | Gingerlord the Gargoyle Fighter began the quest for the Orb.
     0 | D:1      | Reached XP level 1. HP: 14/14 MP: 1/1
   141 | D:1      | Reached XP level 2. HP: 16/19 MP: 2/2
   848 | D:2      | Reached XP level 3. HP: 21/23 MP: 3/3
   931 | D:2      | Noticed Ijyb
   954 | D:2      | Killed Ijyb
   954 | D:2      | Reached skill level 1 in Dodging
   954 | D:2      | Reached XP level 4. HP: 18/29 MP: 4/4
  1208 | D:2      | Reached XP level 5. HP: 24/33 MP: 5/5
  1704 | D:3      | Killed from afar by an orc wizard

Skill      XL: |  1  2  3  4 |
---------------+-------------+-----
Long Blades    | 2 |  2.5
Fighting       | 4 |  4.2
Dodging        | 1 |  1.3
Shields        | 4 |  4.3
Armour         | 4 |  4.2

Action                   |  1- 3 |  4- 6 || total
-------------------------+-------+-------++-------
Melee: Long sword        |   161 |   144 ||   305
  Use: Potion            |       |     1 ||     1
  Eat: Chunk             |       |     2 ||     2
Armor: Scale mail        |    94 |    30 ||   124
       Chain mail        |       |   112 ||   112
Dodge: Dodged            |    40 |    53 ||    93
Block: Shield            |    86 |    86 ||   172
